AoeStats
← 意大利狙神

Arabia

504773386Analyzed
2v2 RM · 27d ago on Sep 6, 2026· 19m 14s· 4 players
Game mode
Random Map
Map size
Medium (4 player)
Population
200
Speed
Normal
Resources
Standard
Victory
Conquest
Starting age
Dark Age
Ending age
Imperial Age
RankedLock teamsTeams togetherTeam positionsShared explorationLock speedFull tech treeHidden civsTurbo modeCheats
Victory
Defeat
🇨🇳 Cumans · China
1014
+16
🇨🇳 Chinese · China
1013
+17
🇹🇼 Magyars · Taiwan
1039
-17
🇹🇼 Mongols · Taiwan
1012
-16
意大利狙神
10:27 Feudal Age
17:13 Horse Collar
蒜苔恶魔
11:42 Feudal Age
12:25 Double-Bit Axe
12:27 Horse Collar
13:55 Loom
Dongyin Empire
9:42 Feudal Age
11:30 Double-Bit Axe
14:59 Stone Mining
18:53 Castle Age
16:55 Stone Mining
16:52 Horse Collar
weiweifallen
7:10 Loom
9:59 Feudal Age
12:28 Double-Bit Axe
20:29 Castle Age
18:38 Horse Collar
Connection lost

Rejoining the realm…

Still unreachable

The connection could not be restored.

Session expired

The server has moved on; the page needs a fresh start.